 Seeded DCSS version 0.31.0-32-g396128a36d (webtiles) character file.

Game seed: 4073344203867303942 (custom seed)

286 firemarshallily the Conjurer (level 6, -2/41 HPs)
             Began as an Octopode Conjurer on Mar 11, 2024.
             Slain by a gnoll sergeant
             ... wielding a +0 trident
              (13 damage)
             ... on level 4 of the Dungeon.
             The game lasted 00:11:29 (3788 turns).

firemarshallily the Conjurer (Octopode Conjurer)    Turns: 3788, Time: 00:11:30

Health: -2/41      AC:  1    Str:  7    XL:     6   Next: 30%
Magic:  7/21       EV: 13    Int: 26    God:
Gold:   153        SH:  0    Dex: 12    Spells: 6/13 levels left

rFire   . . .        d - +2 short sword (flame)
rCold   . . .        (no shield)
rNeg    . . .        (helmet restricted)
rPois   .            (no amulet)
rElec   .            m - ring of magical power
rCorr   .            n - +6 ring of intelligence
SInv    .            (no ring)
Will    .....        (no ring)
Stlth   +++          (no ring)
HPRegen 0.26/turn    (no ring)
MPRegen 0.17/turn    (no ring)
                     (no ring)

%: no passive effects
@: no status effects
A: almost no armour, amphibious, 8 rings, camouflage 1, gelatinous body 1,
(nimble swimmer 1), tentacles
a: no special abilities


You were on level 4 of the Dungeon.
You visited 1 branch of the dungeon, and saw 4 of its levels.

You collected 153 gold pieces.

Inventory:

Hand Weapons
 d - a +2 short sword of flaming (weapon)
Missiles
 f - 4 poisoned darts
Armour
 o - a +0 buckler
Jewellery
 m - a ring of magical power (left tentacle)
 n - a +6 ring of intelligence (right tentacle)
Scrolls
 b - a scroll of amnesia {unknown}
 c - a scroll of brand weapon {unknown}
 e - a scroll of noise
 g - 2 scrolls of butterflies {unknown}
 h - a scroll of revelation
 j - a scroll of poison
 l - 3 scrolls of immolation {unknown}
Potions
 a - 2 potions of magic
 i - 2 potions of attraction {unknown}
 k - a potion of cancellation {unknown}
 p - a potion of enlightenment {unknown}


   Skills:
 + Level 2.8 Fighting
 - Level 2.0 Dodging
 - Level 2.6 Stealth
 * Level 4.4 Spellcasting
 + Level 5.0 Conjurations


You had 6 spell levels left.
You knew the following spells:

 Your Spells              Type           Power      Damage    Failure   Level
a - Magic Dart            Conj           100%       1d8       1%          1
b - Searing Ray           Conj           62%        2d6       1%          2
c - Fulminant Prism       Conj/Alch      9%         3d7       28%         4

Your spell library contained the following spells:

 Spells                   Type           Power      Damage    Failure   Level
 Freeze                   Ice            20%        1d4       9%          1
 Hailstorm                Conj/Ice       18%        3d7       9%          3
 Frozen Ramparts          Ice            10%        1d2       24%         3
 Iskenderun's Mystic Bla  Conj/Tloc      18%        2d6       28%         4


Dungeon Overview and Level Annotations

Branches:
Dungeon (4/15)
 Temple: D:4-7

Altars:
Ashenzari
Nemelex Xobeh
Wu Jian

Annotations:
D:2 1 runed translucent door, Crazy Yiuf
D:4 2 transporters, Logoto's ghost, amateur HOFi


Innate Abilities, Weirdness & Mutations

You cannot wear most types of armour.
You are amphibious.
You can wear up to eight rings at the same time.
Your skin changes colour to match your surroundings (Stealth+).
Your rubbery body absorbs attacks. (AC +1, EV +1)
((You are camouflaged when in or above water. (Stealth+)))
You have tentacles for arms and can constrict up to eight enemies at once.


Message History

Casting: Searing Ray (safe; 1% risk of failure)
Confirm with . or Enter, or press ? or * to list all spells.
Aiming: Searing Ray (safe; 1% risk of failure)
Press: ? - help, Shift-Dir - straight line, f/p - gnoll sergeant
Aim: a gnoll sergeant, wielding a +0 trident, wearing a +4 ring mail and wearing a +0 buckler (heavily wounded, 85% to hit)
The searing ray hits the gnoll sergeant.
The gnoll sergeant is severely wounded. (Press . to maintain the ray.)
The gnoll sergeant hits you from afar with a +0 trident!!
The searing ray hits the gnoll sergeant but does no damage.
The gnoll sergeant is severely wounded.
The gnoll sergeant closely misses you.
The searing ray hits the gnoll sergeant but does no damage.
The gnoll sergeant is severely wounded.
The gnoll sergeant hits you from afar with a +0 trident!
The searing ray hits the gnoll sergeant but does no damage.
The gnoll sergeant is severely wounded.
You finish channelling your searing ray.
The gnoll sergeant hits you from afar with a +0 trident.
* * * LOW HITPOINT WARNING * * *
Casting: Searing Ray (safe; 1% risk of failure)
Confirm with . or Enter, or press ? or * to list all spells.
Aiming: Searing Ray (safe; 1% risk of failure)
Press: ? - help, Shift-Dir - straight line, f/p - gnoll sergeant
Aim: a gnoll sergeant, wielding a +0 trident, wearing a +4 ring mail and wearing a +0 buckler (severely wounded, 85% to hit)
The searing ray hits the gnoll sergeant but does no damage.
The gnoll sergeant is severely wounded. (Press . to maintain the ray.)
The gnoll sergeant barely misses you.
The searing ray hits the gnoll sergeant.
The gnoll sergeant is severely wounded.
The gnoll sergeant closely misses you.
The searing ray hits the gnoll sergeant.
The gnoll sergeant is severely wounded.
The gnoll sergeant barely misses you.
The searing ray hits the gnoll sergeant but does no damage.
The gnoll sergeant is severely wounded.
You finish channelling your searing ray.
The gnoll sergeant hits you from afar with a +0 trident!
You die...

##....##
#.....†##
###.....#.. ###
#.......# #.##
#.####..####
##.###.##
......
##.....## .....
##.##..##....$.
#.####.@.g# ###
###.## # ##
#.### #.<#
#........#
#.##.....# #.
#....# . ..##..
.. ### .


You could see a gnoll sergeant.

Vanquished Creatures
  A scorpion (D:4)
  2 orc priests (D:3)
  An iguana (D:4)
  3 adders
  3 gnolls (D:2)
  A dart slug (D:4)
  4 ribbon worms
  8 orcs
  4 ball pythons (D:1)
  8 endoplasms
  2 giant cockroaches
  4 goblins
  7 hobgoblins
  A jackal (D:4)
  A quokka (D:3)
  6 bats
  2 frilled lizards
  5 kobolds
  6 rats
69 creatures vanquished.

Notes
Turn   | Place    | Note
-------+----------+-------------------------------------------
     0 | D:1      | firemarshallily the Octopode Conjurer began the quest for
                  | the Orb.
     0 | D:1      | Reached XP level 1. HP: 11/11 MP: 3/3
   136 | D:1      | Reached XP level 2. HP: 18/18 MP: 0/5
   146 | D:1      | Learned a level 2 spell: Searing Ray
   944 | D:2      | Reached skill level 1 in Fighting
   944 | D:2      | Reached XP level 3. HP: 10/23 MP: 3/6
  1502 | D:2      | Reached XP level 4. HP: 15/28 MP: 0/8
  1576 | D:2      | Learned a level 4 spell: Fulminant Prism
  1961 | D:2      | Found a runed translucent door.
  1962 | D:2      | Noticed Crazy Yiuf
  2546 | D:3      | Reached XP level 5. HP: 34/34 MP: 10/10
  2809 | D:3      | Found a faded altar of an unknown god.
  3048 | D:3      | Found a broken altar of Ashenzari.
  3118 | D:3      | Found a sparkling altar of Nemelex Xobeh.
  3210 | D:4      | Found a transporter.
  3213 | D:4      | Found a transporter.
  3214 | D:4      | Noticed Logoto's ghost (amateur HOFi)
  3214 | D:4      | Noticed an ogre
  3357 | D:4      | Reached XP level 6. HP: 29/41 MP: 12/12
  3650 | D:4      | Reached skill level 5 in Conjurations
  3687 | D:4      | Found an ornate altar of the Wu Jian Council.
  3788 | D:4      | Slain by a gnoll sergeant

Illustrated notes

Levels and vault maps discovered:
D:1:      saegor_arrival_simple_a, layout_loops_ring
D:2:      layout_rooms, nicolae_elevator_lobby_asterisk, uniq_crazy_yiuf_cottage
D:3:      layout_basic, lemuel_coloured_pillars_altar,
          mainiacjoe_overflow_brackets, ebering_ecumenical_altar_box,
          minmay_between
D:4:      layout_layer_cave, general_overflow_altar, gammafunk_ghost_smash,
          serial_bayou_lagoon_a, minmay_manual_monolith

Skill      XL: |  1  2  3  4  5  6 |
---------------+-------------------+-----
Fighting       | 1 2 |  2.8
Spellcasting   | 3 4 |  4.4
Conjurations   | 5 |  5.0
Dodging        | |  2.0
Stealth        | |  2.6

Action                     |  1- 3 |  4- 6 || total
---------------------------+-------+-------++-------
  Melee: Unarmed           |     2 |       ||     2
         Short sword       |    19 |    20 ||    39
         Tentacles         |     8 |     5 ||    13
         Constrict         |     4 |     6 ||    10
   Cast: Magic Dart        |    48 |    76 ||   124
         Searing Ray       |     2 |    10 ||    12
    Use: Scroll            |       |     3 ||     3
   Stab: Sleeping          |     1 |     3 ||     4
 Armour: Skin              |    10 |    15 ||    25
  Dodge: Dodged            |    15 |    20 ||    35
